Map: Blackpink LE

Players

meowmeowcute - Winner!

  • Race: Protoss Protoss
  • Spawn Location: 1:00

VOD

Have the link to the VOD?

Description

Time

  • Played on: Dec. 20, 2017, 3:37 p.m.
  • Length: 45:05
Show
View Real Time Build Order
Export as new Build Order

meowmeowcute Protoss - Winner!

Build Orders:  

Get SALT Encoding   

  12  0:27  Probe (Chrono Boost), Pylon  
  13  0:34  Assimilator  
  14  0:52  Probe (Chrono Boost)  
  14  1:19  Gateway  
  14  1:26  Probe (Chrono Boost)  
  14  1:27  Forge  
  15  1:43  Pylon  
  15  1:52  Assimilator  
  16  2:00  Probe (Chrono Boost)  
  16  2:17  Probe (Chrono Boost)  
  17  2:35  Probe (Chrono Boost)  
  18  2:41  Zealot  
  20  3:03  Probe (Chrono Boost)  
  20  3:04  Cybernetics Core  
  21  3:23  Probe (Chrono Boost), Pylon  
  22  3:43  Probe (Chrono Boost)  
  24  4:00  Protoss Shields Level 1, Probe (Chrono Boost), Gateway  
  24  4:14  Shield Battery  
  24  4:16  Sentry  
  24  4:17  Probe (Chrono Boost)  
  27  4:25  Photon Cannon  
  27  4:46  Probe (Chrono Boost)  
  28  4:58  Pylon  
  28  5:05  Sentry  
  28  5:09  Stalker  
  32  5:30  Photon Cannon  
  32  5:35  Photon Cannon  
  32  5:44  Zealot  
  34  5:51  Zealot  
  36  6:02  Pylon  
  36  6:15  Probe (Chrono Boost)  
  37  6:26  Stargate  
  37  6:29  Stargate  
  37  6:52  Zealot  
  37  6:54  Zealot  
  41  7:24  Nexus  
  41  7:37  Zealot  
  43  7:43  Protoss Ground Armor Level 1  
  43  7:55  Assimilator  
  43  8:03  Probe (Chrono Boost)  
  41  8:20  Probe (Chrono Boost)  
  41  8:29  Oracle  
  44  8:32  Phoenix  
  44  8:37  Probe (Chrono Boost), Zealot  
  49  8:54  Probe (Chrono Boost)  
  51  9:11  Probe (Chrono Boost)  
  51  9:28  Probe (Chrono Boost)  
  52  10:11  Phoenix  
  54  10:38  Zealot  
  54  10:39  Zealot  
  58  10:49  Probe (Chrono Boost)  
  59  10:57  Assimilator  
  59  11:06  Probe (Chrono Boost)  
  60  11:16  Zealot  
  62  11:22  Probe (Chrono Boost)  
  63  11:30  Fleet Beacon  
  63  11:39  Probe (Chrono Boost)  
  62  11:56  Probe (Chrono Boost)  
  47  12:06  Zealot  
  47  12:08  Zealot  
  51  12:13  Probe (Chrono Boost)  
  53  12:30  Probe (Chrono Boost)  
  53  12:44  Zealot  
  53  12:46  Zealot  
  53  12:47  Probe (Chrono Boost), Pylon  
  58  13:03  Phoenix  
  58  13:04  Probe (Chrono Boost)  
  58  13:05  Phoenix  
  63  13:27  Probe (Chrono Boost)  
  63  13:29  Protoss Ground Weapons Level 1  
  64  13:32  Protoss Air Armor Level 1  
  64  13:38  Tempest  
  78  13:52  Nexus  
  78  14:03  Probe (Chrono Boost)  
  78  14:05  Tempest  
  63  14:20  Probe (Chrono Boost)  
  63  14:23  Zealot x2  
  67  14:37  Probe (Chrono Boost)  
  68  14:41  Assimilator  
  68  15:01  Zealot  
  70  15:16  Robotics Facility  
  70  15:32  Zealot  
  72  15:47  Probe (Chrono Boost)  
  73  15:52  Zealot  
  75  16:04  Probe (Chrono Boost)  
  76  16:10  Zealot  
  76  16:12  Protoss Air Weapons Level 1  
  76  16:15  Unknown, Pylon  
  79  16:21  Probe (Chrono Boost)  
  79  16:30  Zealot  
  79  16:38  Probe (Chrono Boost)  
  82  16:48  Zealot  
  84  16:55  Probe (Chrono Boost)  
  84  16:58  Fleet Beacon  
  85  17:07  Phoenix  
  85  17:08  Zealot  
  90  17:12  Probe (Chrono Boost), Phoenix  
  92  17:26  Pylon  
  92  17:28  Probe (Chrono Boost)  
  93  17:45  Pylon  
  93  17:49  Pylon  
  93  17:51  Zealot (Chrono Boost)  
  93  17:52  Zealot (Chrono Boost)  
  93  17:54  Probe (Chrono Boost)  
  98  18:00  Assimilator  
  99  18:10  Tempest  
  99  18:11  Probe (Chrono Boost)  
  105  18:20  Zealot (Chrono Boost)  
  105  18:21  Zealot (Chrono Boost)  
  105  18:23  Probe (Chrono Boost)  
  110  18:34  Probe  
  111  18:45  Probe  
  111  18:52  Protoss Air Armor Level 2  
  111  18:59  Zealot x2 (Chrono Boost)  
  116  19:02  Probe, Twilight Council  
  117  19:15  Robotics Bay  
  117  19:39  Zealot (Chrono Boost)  
  115  19:40  Zealot (Chrono Boost)  
  113  19:59  Pylon  
  112  20:04  Pylon  
  112  20:12  Robotics Facility  
  112  20:14  Protoss Shields Level 2  
  112  20:29  Tempest  
  115  20:31  Zealot (Chrono Boost)  
  93  21:09  Nexus  
  85  21:29  Tempest  
  99  21:30  Tempest  
  105  21:44  Colossus  
  111  21:58  Assimilator  
  111  22:07  Robotics Facility  
  115  22:14  Zealot x2 (Chrono Boost)  
  115  22:33  Probe  
  115  22:34  Assimilator  
  118  22:50  Probe  
  118  22:52  Zealot (Chrono Boost)  
  118  22:59  Colossus  
  125  23:07  Probe  
  126  23:24  Protoss Ground Armor Level 2  
  126  23:30  Disruptor  
  126  23:31  Dark Shrine  
  129  24:01  Unknown  
  129  24:04  Disruptor  
  132  24:38  Pylon  
  132  24:42  Disruptor  
  132  24:46  Pylon  
  131  24:53  Disruptor  
  121  25:03  Carrier  
  121  25:09  Nexus  
  122  25:32  Disruptor  
  122  25:37  Zealot (Chrono Boost)  
  127  25:53  Colossus  
  97  26:34  Protoss Ground Weapons Level 2  
  93  26:54  Tempest  
  99  27:03  Carrier  
  99  27:08  Probe  
  106  27:25  Probe  
  107  27:41  Probe  
  107  27:44  Dark Templar (Chrono Boost)  
  110  27:56  Probe (Chrono Boost)  
  111  28:09  Probe (Chrono Boost)  
  112  28:21  Probe (Chrono Boost)  
  113  28:38  Probe (Chrono Boost), Assimilator  
  114  28:43  Assimilator, Pylon  
  114  28:46  Dark Templar  
  116  28:50  Dark Templar  
  116  28:55  Probe (Chrono Boost)  
  120  29:12  Probe (Chrono Boost)  
  120  29:29  Probe (Chrono Boost)  
  121  29:40  Immortal (Chrono Boost)  
  125  29:54  Dark Templar (Chrono Boost)  
  125  29:56  Dark Templar (Chrono Boost)  
  129  30:13  Immortal (Chrono Boost)  
  133  30:30  Immortal (Chrono Boost)  
  137  30:59  Pylon  
  137  31:11  Protoss Shields Level 3  
  137  31:25  Probe  
  138  31:42  Probe  
  139  31:56  Zealot (Chrono Boost)  
  143  32:14  Sentry (Chrono Boost)  
  143  32:15  Nexus  
  145  32:52  Sentry (Chrono Boost)  
  145  32:59  Immortal (Chrono Boost)  
  145  33:00  Probe  
  150  33:17  Immortal (Chrono Boost), Probe  
  155  33:34  Probe  
  155  33:37  Pylon  
  155  33:39  Pylon  
  156  33:42  Zealot  
  156  33:47  Zealot  
  160  34:11  Assimilator  
  160  34:14  Assimilator  
  129  34:51  Protoss Ground Armor Level 3  
  129  35:43  Tempest  
  129  35:46  Tempest  
  129  35:48  Sentry  
  143  35:50  Sentry  
  145  36:26  Zealot  
  145  36:27  Zealot  
  149  36:35  Probe  
  150  36:52  Probe  
  151  37:09  Probe  
  150  37:26  Probe  
  151  37:43  Probe  
  148  38:54  Zealot  
  148  38:55  Zealot  
  164  39:11  Tempest x2  
  164  39:14  Colossus (Chrono Boost)  
  164  39:18  Colossus (Chrono Boost)  
  176  39:32  Sentry  
  176  39:33  Sentry  
  170  40:09  Zealot  
  168  40:10  Zealot  
  168  40:19  Colossus (Chrono Boost)  
  176  40:21  Probe (Chrono Boost)  
  176  40:23  Colossus (Chrono Boost)  
  183  40:33  Probe (Chrono Boost)  
  184  40:46  Probe (Chrono Boost)  
  181  40:53  Carrier  
  181  40:55  Carrier  
  181  40:58  Zealot  
  195  41:03  Probe (Chrono Boost)  
  196  41:30  Pylon  
  196  41:55  Immortal  
  200  43:47  Nexus  
Tags
 
Add a new tag
Caveats
  • Supply blocks, unpowered buildings, or Contaminate may cause inaccurate times.
  • Supply counts are checked every 10 seconds.